 Dungeon Crawl Stone Soup version 0.19.1-1-g22dce08 (webtiles) character file.

86892 Lennu the Fencer (level 16, 0/127 HPs)
             Began as a Formicid Fighter on Jan 4, 2017.
             Was the Champion of the Shining One.
             Killed by divine providence
             ... invoked by a meliai
              (16 damage)
             ... on level 15 of the Dungeon on Jan 5, 2017.
             The game lasted 02:50:47 (24070 turns).

Lennu the Fencer (Formicid Fighter)                Turns: 24070, Time: 02:50:48

Health: 0/127      AC: 18    Str: 23    XL:     16   Next: 35%
Magic:  18/22      EV: 14    Int:  9    God:    the Shining One [******]
Gold:   2607       SH: 24    Dex: 21    Spells: 1 memorised, 13 levels left

rFire  + . .     SeeInvis +     L - +5 great sword (holy)
rCold  . . .     Gourm    .     M - +0 plate armour of Wisdom {-Cast +Inv rC+ rCorr}
rNeg   + + +     Faith    .     c - +1 shield
rPois  +         Spirit   .     (helmet unavailable)
rElec  .         Reflect  .     H - +0 cloak
rCorr  +         Harm     .     l - +0 pair of gloves
MR     +....     NoCast   +     (no boots)
Stlth  ..........               e - amulet of regeneration
                                b - ring of poison resistance
                                q - ring "Disaygh" {Fire Dex+9 Stlth-}

@: divine shield, glowing
A: permanent stasis, dig shafts and tunnels, four strong arms, antennae 3,
clumsy 1, evolution 1, sturdy frame 1
a: Dig, Shaft Self, Divine Shield, Cleansing Flame, Summon Divine Warrior,
Renounce Religion, Evoke Invisibility


You were on level 15 of the Dungeon.
You worshipped the Shining One.
The Shining One was exalted by your worship.
You were not hungry.

You visited 4 branches of the dungeon, and saw 24 of its levels.
You also visited: Labyrinth, Ossuary and Ice Cave.

You collected 3097 gold pieces.
You spent 490 gold pieces at shops.

Inventory:

Hand Weapons
 L - a +5 great sword of holy wrath (weapon)
 P - a +4 scimitar of flaming
Armour
 c - a +1 shield (worn)
 l - a +0 pair of gloves (worn)
 n - a +10 plate armour of ponderousness
 z - the +1 leather armour of Resilience {Slay+5}
   (You found it on level 11 of the Dungeon)

   It affects your accuracy and damage with ranged weapons and melee attacks
   (+5).
 H - a +0 cloak (worn)
 M - the +0 plate armour of Wisdom (worn) {-Cast +Inv rC+ rCorr}
   (You found it on level 7 of the Dungeon)

   It protects you from cold.
   It lets you turn invisible.
   It prevents spellcasting.
   It protects you from acid and corrosion.
Jewellery
 b - a ring of poison resistance (right hand)
 e - an amulet of regeneration (around neck)
 p - an uncursed ring of protection from fire
 q - the ring "Disaygh" (left hand) {Fire Dex+9 Stlth-}
   (You found it on level 1 of the Lair of Beasts)

   [ring of fire]

   It enhances your fire magic.
   It affects your dexterity (+9).
   It protects you from fire.
   It makes you vulnerable to cold.
   It makes you less stealthy.
 s - a +5 ring of dexterity
 t - an uncursed amulet of magic regeneration
 u - an uncursed ring of protection from cold
 D - an uncursed ring of flight
 R - an uncursed amulet of guardian spirit
Wands
 d - a wand of lightning (9/15)
 i - a wand of enslavement (16/24)
 k - a wand of acid (10/15)
 y - a wand of enslavement (21/24)
 A - a wand of disintegration (24/24)
 J - a wand of paralysis (19/24)
 K - a wand of lightning (2/15)
 O - a wand of confusion (17/48)
 X - a wand of iceblast (10/15)
 Y - a wand of lightning (11/15)
Scrolls
 h - 12 scrolls of remove curse
 j - 4 scrolls of recharging
 m - a scroll of silence
 o - 5 scrolls of fog
 B - 2 scrolls of fear
 F - 2 scrolls of magic mapping
 T - 2 scrolls of holy word
 V - 3 scrolls of identify
 W - 3 scrolls of amnesia
Potions
 x - 13 potions of curing
 C - 3 potions of brilliance
 E - 6 potions of cancellation
 G - 3 potions of agility
 Z - 2 potions of flight
Miscellaneous
 I - a fan of gales
 S - a crystal ball of energy
Comestibles
 a - a royal jelly
 f - 14 bread rations
 g - 26 fruits
 v - a meat ration
 w - 5 beef jerkies


   Skills:
 * Level 12.1 Fighting
 * Level 15.6 Long Blades
 * Level 11.2 Armour
 * Level 8.5 Dodging
 * Level 14.8 Shields
 - Level 3.8 Charms
 * Level 9.2 Invocations
 + Level 0.7 Evocations


You had 13 spell levels left.
You knew the following spells:

 Your Spells              Type           Power        Failure   Level  Hunger
a - Repel Missiles        Chrm/Air       #.....       99%         2    ###....


Dungeon Overview and Level Annotations

Branches:
Dungeon (15/15)            Temple (1/1) D:5            Lair (6/6) D:11
 Shoals (0/4) Lair:2        Snake (0/4) Lair:2        Slime (0/5) Lair:5
    Orc (2/2) D:11            Elf (0/3) Orc:2        Vaults (0/5) D:13
 Depths (0/5) D:15

Altars:
Ashenzari
Cheibriados
Dithmenos
Elyvilon
Fedhas
Gozag
Hepliaklqana
Kikubaaqudgha
Makhleb
Nemelex Xobeh
Okawaru
Qazlal
Ru
Sif Muna
Trog
Uskayaw
Vehumet
Xom
Yredelemnul
Zin
The Shining One
Jiyva

Shops:
D:5 *   D:13 (   Orc:2 !?:%(

Portals:
Pandemonium: Orc:2


Innate Abilities, Weirdness & Mutations

You are under a permanent stasis effect.
You can dig through walls and to a lower floor.
Your four strong arms can wield two-handed weapons with a shield.
You have a pair of large antennae on your head. (SInv)
You are clumsy. (Dex -2)
You evolve.
Your movements are slightly less encumbered by armour. (ER -2)


Message History

Your plate armour of Wisdom prevents you from hitting the meliai.
The meliai is severely wounded.
You block the centaur warrior's attack. You block the meliai's attack.
The meliai completely misses you.
The centaur warrior hits you but does no damage.
You block the meliai's attack. The meliai barely misses you.
You hit the meliai.
The meliai is severely wounded.
You block the meliai's attack. x2
The centaur warrior hits you but does no damage.
Your plate armour of Wisdom prevents you from hitting the meliai.
The meliai is severely wounded.
The meliai invokes the aid of its god against you.
Something smites you!
* * * LOW HITPOINT WARNING * * *
The centaur warrior hits you!
* * * LOW HITPOINT WARNING * * *
The meliai calls down the wrath of its god upon you.
Something smites you!
You die...

.....#####
.........##########
######.....)......#
######.##.#######.#
..................#
≈≈≈≈≈≈≈..≈≈≈≈≈≈≈..#
≈######''######≈..#
≈#?...#..#....#≈..#
≈#....#..#)...#≈@##
≈#....'.)))...#cy#
≈#....#.)#)...#≈9#
≈#...)#..#...[#≈.#
≈##############≈.#
≈≈≈≈≈≈≈≈≈≈c≈≈§≈≈[#
............§....#
..............####
###############


You could see a centaur warrior, a gargoyle and a meliai.

Vanquished Creatures
  A fire giant (D:15)
  A stone giant (Orc:1)
  A minotaur (Lab)
  A fire dragon (Lair:6)
  2 ice dragons (IceCv)
  4 centaur warriors
  9 hydras
  Erica (Lair:1)
  2 dancing weapons (D:13)
  8 orc high priests (Orc:2)
  2 tengu warriors (D:13)
  A soul eater (Orc:2)
  Urug (D:14)
  Sonja (Orc:2)
  4 skeletal warriors (D:12)
  A wizard (D:15)
  A torturous demonspawn (Orc:2)
  A gelid demonspawn (Orc:2)
  3 unseen horrors
  5 orc knights
  Pikel (D:4)
  2 lindwurms (Lair:6)
  3 hill giants (D:15)
  A wolf spider zombie (D:15)
  2 manticores (D:15)
  6 orc sorcerers (Orc:2)
  5 elephants (Lair:5)
  2 cyclopes
  5 black mambas
  2 centaur zombies
  2 ice statues (IceCv)
  7 torpor snails (Lair:6)
  6 spiny frogs
  A smoke demon (Orc:2)
  2 gargoyles (D:14)
  A rust devil (Orc:2)
  2 efreet
  2 kobold demonologists (D:12)
  4 rime drakes
  2 ice devils (Lair:4)
  5 komodo dragons
  2 tengu conjurers (D:15)
  A red devil (Orc:2)
  3 polar bears
  A jumping spider (shapeshifter) (D:14)
  4 meliai
  A two-headed ogre (D:8)
  7 hornets
  3 tyrant leeches (Lair:6)
  9 trolls
  9 hippogriffs
  A slime creature (D:15)
  A redback (Lab)
  A spriggan (D:9)
  2 shadows (D:15)
  2 wyverns
  30 yaks
  3 vampires
  A steam dragon (D:11)
  3 hungry ghosts
  11 vampire mosquitoes (D:13)
  3 basilisks
  2 mottled dragons
  9 wargs
  17 water moccasins
  9 porcupines
  26 orc warriors
  17 ice beasts
  2 eyes of draining
  8 phantoms
  3 sky beasts
  3 black bears
  5 wolves (Lair:4)
  14 centaurs
  12 ogres
  13 crocodiles
  4 big kobolds
  16 bullfrogs
  A wyvern zombie (Ossuary)
  A wyvern skeleton (D:7)
  2 scorpions
  5 wights (D:14)
  5 killer bees (D:12)
  3 howler monkeys
  An electric eel (D:15)
  8 crimson imps
  6 jellies
  A quasit (D:12)
  The ghost of M4edhros the Ducker, a weakling FeCK of Xom (Ossuary)
  9 hounds
  A bullfrog skeleton (D:6)
  19 orc priests
  8 bullfrog zombies
  A gnoll shaman (D:5)
  An iguana (D:11)
  3 centaur skeletons
  Terence (D:2)
  7 hell rats (Lair:6)
  21 orc wizards
  15 worker ants
  2 hound zombies (Ossuary)
  11 mummies (Ossuary)
  2 hound skeletons
  A howler monkey zombie (Ossuary)
  4 worker ant zombies
  9 gnolls
  21 adders
  2 shadow imps
  2 oozes (Lair:5)
  6 adder zombies
  3 worms
  6 dart slugs
  4 leopard geckos
  63 orcs
  5 ball pythons
  9 bats
  3 giant cockroaches
  6 goblins
  6 hobgoblins
  6 jackals
  34 kobolds
  4 quokkas
  3 frilled lizards
  A jackal zombie (Ossuary)
  2 leopard gecko zombies (Ossuary)
  3 quokka zombies
  3 rats
  2 plants (Lair:6)
714 creatures vanquished.

Vanquished Creatures (collateral kills)
  2 orc knights (D:15)
  An orc wizard (D:15)
3 creatures vanquished.

Vanquished Creatures (others)
  A bullfrog (D:4)
  A hound (D:4)
  An orc priest (D:4)
  3 orcs
  A quokka (D:4)
  4 fungi
  A plant (Lair:6)
  A withered plant (Ossuary)
13 creatures vanquished.

Grand Total: 730 creatures vanquished

Notes
Turn   | Place    | Note
-------+----------+-------------------------------------------
     0 | D:1      | Lennu the Formicid Fighter began the quest for the Orb.
     0 | D:1      | Reached XP level 1. HP: 18/18 MP: 1/1
   135 | D:1      | Reached XP level 2. HP: 24/24 MP: 2/2
   498 | D:2      | Reached skill level 1 in Dodging
   498 | D:2      | Reached XP level 3. HP: 24/29 MP: 3/3
   722 | D:2      | Learned a level 2 spell: Repel Missiles
   799 | D:2      | Reached XP level 4. HP: 26/35 MP: 4/4
  1050 | D:2      | Reached skill level 3 in Long Blades
  1209 | D:2      | You fall through a shaft!
  1255 | D:3      | Reached XP level 5. HP: 40/41 MP: 5/5
  1259 | D:3      | Found a burning altar of Makhleb.
  1544 | D:2      | Noticed Terence
  1551 | D:2      | Killed Terence
  2063 | D:3      | Reached skill level 4 in Long Blades
  2729 | D:3      | Gained mutation: Scrolls take you a little longer to read. [potion of mutation]
  2729 | D:3      | Gained mutation: Your muscles are strong. (Str +2) [potion of mutation]
  2729 | D:3      | Gained mutation: Your flesh is heat resistant. (rF+) [potion of mutation]
  2797 | D:4      | Noticed an ogre
  2806 | D:4      | Killed an ogre
  2806 | D:4      | Reached skill level 1 in Charms
  2806 | D:4      | Reached XP level 6. HP: 31/48 MP: 6/6
  2924 | D:4      | Noticed a slave
  2925 | D:4      | Noticed a slave
  2926 | D:4      | Noticed Pikel
  2993 | D:4      | Noticed a slave
  2993 | D:4      | Noticed a slave
  3034 | D:4      | Killed Pikel
  3034 | D:4      | Reached skill level 5 in Long Blades
  3034 | D:4      | Reached skill level 5 in Armour
  3034 | D:4      | Reached skill level 5 in Shields
  3034 | D:4      | Reached XP level 7. HP: 36/54 MP: 7/7
  3034 | D:4      | Reached XP level 8. HP: 40/60 MP: 8/8
  3174 | D:4      | Found a sacrificial altar of Ru.
  3829 | D:5      | Entered Level 5 of the Dungeon
  4159 | D:5      | Reached skill level 6 in Long Blades
  4431 | D:5      | Reached XP level 9. HP: 39/66 MP: 9/9
  4584 | D:5      | Found a staircase to the Ecumenical Temple.
  4588 | Temple   | Entered the Ecumenical Temple
  4612 | Temple   | Became a worshipper of the Shining One
  5013 | D:5      | Found Mulemoro's Assorted Antiques.
  5020 | D:5      | Bought a pair of gloves for 144 gold pieces
  5458 | D:6      | Reached skill level 7 in Long Blades
  5467 | D:6      | Found a sand-covered staircase.
  5472 | Ossuary  | Entered an ossuary
  5500 | Ossuary  | Reached * piety under the Shining One
  5514 | Ossuary  | Noticed M4edhros's ghost (weakling FeCK)
  5521 | Ossuary  | Reached skill level 5 in Fighting
  5523 | Ossuary  | Killed M4edhros's ghost
  5566 | Ossuary  | Reached ** piety under the Shining One
  5702 | Ossuary  | Reached *** piety under the Shining One
  5986 | D:6      | Reached XP level 10. HP: 72/74 MP: 10/10
  6026 | D:6      | Found an iron altar of Okawaru.
  6400 | D:7      | Reached skill level 8 in Long Blades
  6455 | D:7      | Got a steaming plate armour
  6466 | D:7      | Identified the cursed +0 plate armour of Wisdom {-Cast +Inv rC+ rCorr} (You found it on level 7 of the Dungeon)
  7023 | D:8      | Reached skill level 1 in Invocations
  7498 | D:8      | Reached **** piety under the Shining One
  8025 | D:8      | Reached skill level 9 in Long Blades
  8828 | D:9      | Reached XP level 11. HP: 82/82 MP: 12/12
  9416 | D:10     | Entered Level 10 of the Dungeon
  9481 | D:10     | Gained mutation: Your natural rate of healing is unusually fast. [mutagenic meat]
 10158 | D:10     | Found a deep blue altar of Sif Muna.
 10229 | D:10     | Identified Sif Muna's Papyrus of the Glacier
 10403 | D:11     | Reached skill level 10 in Long Blades
 10499 | D:11     | Found a staircase to the Lair.
 10802 | D:11     | Found a staircase to the Orcish Mines.
 10870 | Lair:1   | Entered Level 1 of the Lair of Beasts
 11037 | D:12     | Noticed a skeletal warrior
 11347 | Lair:1   | Noticed Erica
 11384 | Lair:1   | Killed Erica
 11384 | Lair:1   | Reached skill level 5 in Dodging
 11384 | Lair:1   | Reached skill level 10 in Shields
 11559 | Lair:1   | Lost mutation: Scrolls take you a little longer to read. [potion of cure mutation]
 11559 | Lair:1   | Lost mutation: Your flesh is heat resistant. (rF+) [potion of cure mutation]
 11559 | Lair:1   | Lost mutation: Your natural rate of healing is unusually fast. [potion of cure mutation]
 11559 | Lair:1   | Lost mutation: Your muscles are strong. (Str +2) [potion of cure mutation]
 11678 | Lair:1   | Got a transparent silver ring
 11680 | Lair:1   | Identified the ring "Disaygh" {Fire Dex+9 Stlth-} (You found it on level 1 of the Lair of Beasts)
 11730 | Lair:1   | Reached XP level 12. HP: 75/92 MP: 14/14
 12090 | Lair:2   | Reached skill level 11 in Long Blades
 12135 | Lair:2   | Found a staircase to the Snake Pit.
 12477 | Lair:2   | Found a staircase to the Shoals.
 12875 | Lair:3   | Noticed a seven-headed hydra
 12884 | Lair:3   | Killed a two-headed hydra
 13731 | Lair:4   | Noticed an eight-headed hydra
 13739 | Lair:4   | Killed a three-headed hydra
 13739 | Lair:4   | Reached skill level 12 in Long Blades
 13739 | Lair:4   | Reached skill level 5 in Invocations
 13879 | Lair:4   | Found a frozen archway.
 13880 | Lair:4   | Reached ***** piety under the Shining One
 13904 | IceCv    | Entered an ice cave
 14059 | IceCv    | Reached XP level 13. HP: 64/100 MP: 15/17
 14227 | IceCv    | Noticed an ice dragon
 14239 | IceCv    | Noticed an ice dragon
 14247 | IceCv    | Killed an ice dragon
 14258 | IceCv    | Killed an ice dragon
 14489 | Lair:4   | Noticed a six-headed hydra
 14499 | Lair:4   | Killed a one-headed hydra
 15218 | Lair:5   | Noticed an eight-headed hydra
 15223 | Lair:5   | Killed a four-headed hydra
 15248 | Lair:5   | Reached skill level 13 in Long Blades
 15456 | Lair:5   | Gained mutation: Your movements are slightly less encumbered by armour. (ER -2) [potion of mutation]
 15456 | Lair:5   | Gained mutation: Your body sometimes deteriorates upon taking damage. [potion of mutation]
 15456 | Lair:5   | Gained mutation: You evolve. [potion of mutation]
 15595 | Lair:5   | Lost mutation: Your body sometimes deteriorates upon taking damage. [evolution]
 15872 | Lair:5   | Got a translucent falchion
 15873 | Lair:5   | Identified the +7 falchion of the Vendetta {venom, Str+6} (You found it on level 5 of the Lair of Beasts)
 15961 | Lair:5   | Found a runed door.
 15962 | Lair:5   | Found a viscous altar of Jiyva.
 15964 | Lair:5   | Found a staircase to the Slime Pits.
 16017 | Lair:6   | Entered Level 6 of the Lair of Beasts
 16061 | Lair:6   | Found a labyrinth entrance.
 16091 | Lab      | Entered a labyrinth
 16304 | Lab      | Noticed a minotaur
 16326 | Lab      | Killed a minotaur
 16464 | Lair:6   | Noticed a five-headed hydra
 16475 | Lair:6   | Killed a one-headed hydra
 16735 | Lair:6   | Noticed a five-headed hydra
 16744 | Lair:6   | Killed a one-headed hydra
 16744 | Lair:6   | Reached skill level 10 in Fighting
 16744 | Lair:6   | Reached XP level 14. HP: 84/110 MP: 19/19
 17379 | Lair:6   | Found a runed door.
 17529 | Lair:6   | Reached skill level 10 in Armour
 18051 | D:11     | Got a twisted leather armour
 18062 | D:11     | Identified the cursed +1 leather armour of Resilience {Slay+5} (You found it on level 11 of the Dungeon)
 18579 | D:6      | Reached skill level 14 in Long Blades
 18820 | Orc:1    | Entered Level 1 of the Orcish Mines
 18907 | Orc:1    | Noticed a stone giant
 18928 | Orc:1    | Killed a stone giant
 19106 | Orc:2    | Entered Level 2 of the Orcish Mines
 19106 | Orc:2    | Found a staircase to the Elven Halls.
 19166 | Orc:2    | Found Zuxzuntaoh's Distillery.
 19221 | Orc:2    | Bought 2 potions of heal wounds for 140 gold pieces
 19221 | Orc:2    | Bought a potion of heal wounds for 70 gold pieces
 19221 | Orc:2    | Bought a potion of heal wounds for 70 gold pieces
 19438 | Orc:2    | Found Papsuep's Magic Scroll Boutique.
 19447 | Orc:2    | Found Xalad's Food Shop.
 19596 | Orc:2    | Reached ****** piety under the Shining One
 19612 | Orc:2    | Bought a scroll of identify for 22 gold pieces
 19612 | Orc:2    | Bought a scroll of identify for 22 gold pieces
 19612 | Orc:2    | Bought a scroll of identify for 22 gold pieces
 19849 | Orc:2    | Identified a +2 great sword of holy wrath (a +0 great sword blessed by the Shining One)
 19849 | Orc:2    | Received a gift from the Shining One
 19869 | Orc:2    | Reached XP level 15. HP: 95/118 MP: 20/20
 20041 | Orc:2    | Found Honnuem's Book Emporium.
 20041 | Orc:2    | Found Cefaiqic's Antique Weapon Shoppe.
 20041 | Orc:2    | Found a one-way gate leading to the halls of Pandemonium.
 20091 | Orc:2    | Noticed Sonja
 20127 | Orc:2    | Killed Sonja
 21083 | D:12     | Reached skill level 15 in Long Blades
 22012 | D:13     | Found a gate to the Vaults.
 22262 | D:13     | Gained mutation: You are dopey. (Int -2) [mutagenic meat]
 22263 | D:13     | Lost mutation: You are dopey. (Int -2) [mutagenic meat]
 22313 | D:13     | Gained mutation: You occasionally shout uncontrollably at your foes. [mutagenic meat]
 22314 | D:13     | Gained mutation: You are clumsy. (Dex -2) [mutagenic meat]
 22315 | D:13     | Lost mutation: You occasionally shout uncontrollably at your foes. [mutagenic meat]
 22502 | D:13     | Found Ireskyto's Antique Weapon Boutique.
 23043 | D:14     | Noticed Urug
 23057 | D:14     | Killed Urug
 23057 | D:14     | Reached XP level 16. HP: 70/127 MP: 22/22
 23352 | D:15     | Entered Level 15 of the Dungeon
 23690 | D:15     | Found a staircase to the Depths.
 23691 | D:15     | Noticed a fire giant
 24065 | D:15     | Killed a fire giant
 24070 | D:15     | Killed from afar by a meliai

Skill      XL: |  1  2  3  4  5  6  7  8  9 10 11 12 13 14 15 16 |
---------------+-------------------------------------------------+-----
Shields        | 4 5 6 8 9 10 12 13 14 | 14.8
Dodging        | 1 2 3 4 5 6 7 8 |  8.5
Long Blades    | 3 4 5 6 7 9 10 12 13 14 15 | 15.6
Armour         | 4 5 6 7 8 9 10 11 | 11.2
Charms         | 1 2 3 |  3.8
Fighting       | 4 5 6 7 8 10 11 12 | 12.1
Invocations    | 2 3 5 6 7 8 9 |  9.2
Evocations     | |  0.7

Action                   |  1- 3 |  4- 6 |  7- 9 | 10-12 | 13-15 | 16-18 || total
-------------------------+-------+-------+-------+-------+-------+-------++-------
Melee: Long sword        |    92 |    97 |   261 |   622 |       |       ||  1072
       Falchion          |       |    40 |   181 |       |       |       ||   221
       Scimitar          |       |       |       |   240 |   738 |     5 ||   983
       Great sword       |       |       |       |       |   411 |   109 ||   520
Invok: Divine Shield     |       |       |       |     2 |     9 |     4 ||    15
       Brand Weapon With |       |       |       |       |     1 |       ||     1
       Cleansing Flame   |       |       |       |       |     2 |     4 ||     6
       Summon Divine War |       |       |       |       |       |     1 ||     1
 Abil: Dig               |       |     1 |       |     1 |     2 |       ||     4
Evoke: Wand              |       |       |       |       |     9 |     5 ||    14
  Use: Scroll            |       |    11 |     2 |    18 |     9 |    11 ||    51
       Potion            |       |     3 |     1 |     2 |     6 |     3 ||    15
 Stab: Distracted        |       |       |       |     1 |       |       ||     1
  Eat: Chunk             |       |     2 |     6 |    18 |    17 |     3 ||    46
       Meat ration       |       |     1 |     1 |     4 |     3 |       ||     9
       Pizza             |       |       |       |     1 |     1 |       ||     2
       Royal jelly       |       |       |       |       |     2 |       ||     2
Armor: Scale mail        |    45 |    60 |    70 |    18 |       |       ||   193
       Plate armour      |       |       |       |   239 |   291 |    60 ||   590
Dodge: Dodged            |    41 |    75 |   131 |   228 |   347 |    83 ||   905
Block: Shield            |    46 |   116 |   250 |   550 |   883 |   183 ||  2028
       Rpst.: Long sword |    14 |    12 |    25 |    53 |       |       ||   104
       Falchion          |       |    13 |    12 |       |       |       ||    25
       Scimitar          |       |       |       |    14 |    56 |       ||    70
       Great sword       |       |       |       |       |    39 |    10 ||    49
